AoeStats
← Kaiser Ze

Arena

509061107Analyzed
3v3 RM · 7d ago on Sep 25, 2026· 40m 47s· 6 players
Game mode
Random Map
Map size
Normal (6 player)
Population
200
Speed
Normal
Resources
Standard
Victory
Conquest
Starting age
Dark Age
Ending age
Imperial Age
RankedLock teamsTeams togetherTeam positionsShared explorationLock speedFull tech treeHidden civsTurbo modeCheats
Victory
Defeat
🇨🇳 Spanish · China
1447
+15
🇭🇰 Teutons · Hong Kong SAR China
1391
+17
🇦🇺 Japanese · Australia
1351
+19
🇨🇳 Varangians · China
1431
-18
🇨🇳 Britons · China
1425
-17
🇨🇳 Saxons · China
1383
-16
老菜套
10:26 Feudal Age
10:33 Feudal Age
12:12 Double-Bit Axe
14:50 Castle Age
13:00 Horse Collar
13:48 Gold Mining
14:48 Scale Mail Armor
25:19 Heavy Plow
26:29 Loom
28:42 Gold Shaft Mining
28:19 Bow Saw
28:46 Wheelbarrow
28:00 Town Watch
30:20 Stone Mining
34:27 Imperial Age
31:59 Fletching
32:17 Stone Mining
32:35 Padded Archer Armor
33:18 Squires
33:56 Chain Mail Armor
33:51 Forging
35:03 Heavy Mounted Crossbowman
36:20 Conscription
38:35 Elite Varangian Guard
乌合之众
10:06 Feudal Age
13:49 Castle Age
12:45 Double-Bit Axe
15:18 Crossbowman
19:24 Loom
21:48 Fletching
25:15 Town Watch
37:01 Imperial Age
40:21 Imperial Age
Kaiser Ze
10:01 Feudal Age
11:03 Double-Bit Axe
14:06 Castle Age
12:05 Horse Collar
16:32 Bow Saw
23:38 Stone Mining
24:25 Wheelbarrow
25:09 Gold Mining
28:38 Imperial Age
26:25 Hand Cart
27:02 Scale Barding Armor
27:02 Loom
27:02 Town Watch
28:12 Chain Barding Armor
28:05 Bloodlines
28:39 Forging
28:32 Husbandry
29:12 Vendel Legacy
30:12 Conscription
30:05 Town Patrol
31:04 Plate Barding Armor
31:04 Iron Casting
32:46 Iron Casting
31:33 Elite Jarl
31:54 Elite Varangian Guard
32:18 Gothikon
33:01 Scale Mail Armor
33:06 Squires
36:07 Blast Furnace
36:17 Gambesons
35:56 Pikeman
36:39 Halberdier
39:02 Chain Mail Armor
Cowardpunch
9:55 Feudal Age
13:43 Castle Age
12:13 Double-Bit Axe
14:48 Loom
20:45 Fletching
21:07 Forging
21:54 Scale Mail Armor
32:42 Imperial Age
31:24 Iron Casting
31:08 Chain Mail Armor
33:01 Bow Saw
33:17 Squires
33:06 Arson
34:20 Gold Mining
35:52 Chemistry
36:28 Two-Man Saw
36:56 Plate Mail Armor
38:33 Fletching
39:20 Iron Casting
Game project 0001
7:27 Loom
10:43 Feudal Age
11:10 Feudal Age
15:09 Castle Age
13:32 Double-Bit Axe
13:49 Horse Collar
14:27 Gold Mining
15:05 Gold Mining
23:58 Wheelbarrow
26:39 Imperial Age
25:34 Scale Barding Armor
26:15 Forging
27:08 Bloodlines
27:20 Chain Barding Armor
27:57 Hand Cart
27:11 Cavalier
31:09 Plate Barding Armor
31:35 Paladin
33:13 Town Watch
34:04 Iron Casting
36:19 Town Patrol
37:23 Blast Furnace
36:58 Devotion
38:56 Chemistry
39:32 Fletching
39:54 Masonry
无助小羊
9:59 Feudal Age
10:21 Loom
13:52 Castle Age
12:04 Stone Mining
12:18 Double-Bit Axe
23:41 Fletching
28:17 Imperial Age
29:53 Bodkin Arrow
31:11 Bracer
32:28 Chemistry
32:39 Wheelbarrow
32:30 Padded Archer Armor
Connection lost

Rejoining the realm…

Still unreachable

The connection could not be restored.

Session expired

The server has moved on; the page needs a fresh start.